 Dungeon Crawl Stone Soup version 0.29-a0-317-gd16b76e6b1 (webtiles) character file.

Game seed: 4738761855946617318

7133 tilp the Frost Mage (level 10, 49/49 HPs)
             Began as a Felid Ice Elementalist on Mar 30, 2022.
             Was a High Priest of Vehumet.
             Quit the game on level 4 of the Lair of Beasts.
             The game lasted 00:39:21 (20853 turns).

tilp the Frost Mage (Felid Ice Elementalist)       Turns: 20853, Time: 00:39:21

Health: 49/49      AC:  3    Str:  4    XL:     10   Next: 85%
Magic:  21/21      EV: 21    Int: 20    God:    Vehumet [*****.]
Gold:   333        SH:  0    Dex: 18    Spells: 3/23 levels left
                                        Lives:  0   Deaths: 3

rFire   . . .      SeeInvis +     - Unarmed
rCold   + . .      Faith    .   (shield unavailable)
rNeg    . . .      Spirit   .   (body armour unavailable)
rPois   +          Reflect  .   (helmet unavailable)
rElec   .          Harm     .   (cloak unavailable)
rCorr   .          Rampage  .   (gloves unavailable)
Will    ++...                   (boots unavailable)
Stlth   ++++......              c - amulet of magic regeneration
HPRegen 0.16/turn               x - ring of poison resistance
MPRegen 0.57/turn               n - ring of willpower

@: quick
A: very small, claws 1, fangs 3, see invisible, speed 1, shaggy fur 3, stealthy
paws, no weapons or thrown items, no armour, multi-lived
a: Renounce Religion


You were on level 4 of the Lair of Beasts.
You worshipped Vehumet.
Vehumet was extremely pleased with you.
You visited 3 branches of the dungeon, and saw 16 of its levels.
You also visited: Sewer.

You collected 758 gold pieces.
You spent 425 gold pieces at shops.

Inventory:

Jewellery
 c - an amulet of magic regeneration (around neck)
 l - an amulet of guardian spirit
 m - a ring of protection from cold
 n - a ring of willpower (right paw)
 x - a ring of poison resistance (left paw)
 C - a ring of flight
 F - the amulet of Day {Faith +Inv rPois}
   (You found it on level 4 of the Lair of Beasts)

   [amulet of faith]

   It allows you to gain divine favour quickly.
   rPois:     It protects you from poison.
   +Inv:      It lets you turn invisible.
 G - an amulet of faith
Wands
 e - a wand of digging (5)
 g - a wand of polymorph (6)
 q - a wand of charming (4)
 r - a wand of flame (15)
 s - a wand of mindburst (21)
 z - a wand of acid (4)
 E - a wand of iceblast (2)
Scrolls
 f - 3 scrolls of teleportation
 i - a scroll of acquirement
 k - 3 scrolls of vulnerability
 u - 4 scrolls of immolation
 y - a scroll of torment
 A - 2 scrolls of blinking
 J - a scroll of magic mapping
Potions
 a - a potion of magic
 b - 6 potions of mutation
 d - 7 potions of curing
 h - 5 potions of flight
 j - 7 potions of brilliance
 o - 2 potions of attraction
 p - 5 potions of lignification
 t - 5 potions of might
 v - 2 potions of cancellation
 w - 2 potions of berserk rage
 D - a potion of resistance {unknown}
 H - a potion of haste
 I - a potion of heal wounds
Miscellaneous
 B - a phantom mirror (inert)


   Skills:
 + Level 8.4 Fighting
 + Level 7.0 Dodging
 + Level 9.0 Stealth
 + Level 4.9 Unarmed Combat
 - Level 7.0 Spellcasting
 - Level 10.0 Conjurations
 - Level 4.0 Translocations
 - Level 10.0 Ice Magic
 - Level 4.0 Air Magic
 - Level 8.0 Evocations


You had 3 spell levels left.
You knew the following spells:

 Your Spells              Type           Power      Damage    Failure   Level
a - Freeze                Ice            100%       1d11      1%          1
b - Frozen Ramparts       Ice            94%        1d11      1%          3
c - Ozocubu's Armour      Ice            47%        N/A       1%          3
d - Hailstorm             Conj/Ice       47%        3d11      1%          4
e - Iskenderun's Mystic   Conj/Tloc      35%        2d8       1%          4
f - Freezing Cloud        Conj/Ice/Air   19%        6-21      2%          5

Your spell library contained the following spells:

 Spells                   Type           Power      Damage    Failure   Level
 Orb of Destruction       Conj           23%        9d8       32%         7
 Shock                    Conj/Air       100%       1d9       1%          1
 Dazzling Flash           Conj/Hex       54%        N/A       1%          3
 Mephitic Cloud           Conj/Pois/Air  25%        N/A       1%          3
 Swiftness                Air            23%        N/A       5%          3
 Ignite Poison            Fire/Tmut/Pois 7%         N/A       8%          3
 Summon Small Mammal      Summ           28%        N/A       10%         1
 Call Canine Familiar     Summ           7%         N/A       28%         3
 Summon Guardian Golem    Hex/Summ       7%         N/A       28%         3
 Airstrike                Air            11%        N/A       5%          4
 Summon Ice Beast         Ice/Summ       27%        N/A       12%         4
 Olgreb's Toxic Radiance  Pois           7%         N/A       24%         4
 Ozocubu's Refrigeration  Ice            23%        4d9       32%         7
 Starburst                Conj/Fire      13%        6d6       41%         6
 Summon Mana Viper        Hex/Summ       7%         N/A       95%         5
 Monstrous Menagerie      Summ           3%         N/A       100%        7
 Ignition                 Fire           3%         3d4       100%        8


Dungeon Overview and Level Annotations

Branches:
Dungeon (11/15)            Temple (1/1) D:7            Lair (4/6) D:10
  Swamp (0/4) Lair:4       Spider (0/4) Lair:4        Sewer (visited)
    Orc: D:9-12

Altars:
Ashenzari
Cheibriados
Dithmenos
Elyvilon
Fedhas
Gozag
Hepliaklqana
Kikubaaqudgha
Makhleb
Nemelex Xobeh
Okawaru
Qazlal
Ru
Sif Muna
Trog
Uskayaw
Vehumet
Wu Jian
Xom
Yredelemnul
Zin
The Shining One
Jiyva

Shops:
D:2 *   D:7 =   D:8 [   D:9 [

Annotations:
D:8 exclusion: two-headed ogre
D:11 frost giant!, exclusions: boulder beetle and shadow, Gastronok, Nergalle
Lair:3 3 runed translucent doors, Izit's ghost, journeyman DECj
Lair:4 exclusion: water moccasin, Snorg


Innate Abilities, Weirdness & Mutations

You have sharp claws.
You have razor-sharp teeth.
You have supernaturally acute eyesight. (SInv)
You cover ground quickly. (Speed+)
Your thick and shaggy fur keeps you warm. (AC +3, rC+)
Your paws help you pounce on unaware monsters.
You are incapable of wielding weapons or throwing items.
You cannot wear armour.
You gain extra lives every three experience levels.


Message History

Unknown command.
Unknown command.
Unknown command.
Casting: Iskenderun's Mystic Blast (dangerous; 1% risk of failure)
Confirm with . or Enter, or press ? or * to list all spells.
You erupt in a blast of force!
The mystic blast hits the boulder beetle.
The boulder beetle is severely wounded.
The boulder beetle leaps!
Unknown command.
Unknown command.
Unknown command.
Unknown command.
You start resting.
A boulder beetle is nearby!
Casting: Iskenderun's Mystic Blast (dangerous; 1% risk of failure)
Confirm with . or Enter, or press ? or * to list all spells.
Casting: Hailstorm (safe; 1% risk of failure)
Press: ? - help, Dir - look around, f - activate A cannonade of hail descends around you!
The hail pelts the boulder beetle!
The boulder beetle is almost dead.
The boulder beetle curls into a ball and begins rolling!
Unknown command.
Unknown command.
Unknown command.
Unknown command.
Unknown command.
You scratch the boulder beetle but do no damage.
The boulder beetle is almost dead.
The boulder beetle hits you!!!
Ouch! That really hurt!
You die...
The boulder beetle stops rolling and uncurls.
You are now level 10!
You rejoin the land of the living...
Unknown command.
Unknown command.
Unknown command.
Are you sure you want to abandon this character and quit the game? (Confirm with "yes".)

#...........#.....#.....#.#.....#
.................S......##.....##
.........................###+.#..
..................###.###......#
............†.......8.#.....##.#
S.....#####.......#.....#.......#
....... #..P...##8.>..+...8...+
......#####.##...##.....#........
.......#....#...@###.8..#..#.#..#
............#.....##...........##
......#.#........###......#...#..
......###..##....##....###.....##
......# #####.............#......
......## ##....#..##.#.....#.#
.......######.....####.##.#.8.#..
....................#...#.#...#.#
........................#.#...#.#


You could see a water moccasin (wandering).

Vanquished Creatures
  A hydra (Lair:3)
  Erica (Lair:2)
  A death yak (Lair:4)
  Amaemon (D:10)
  Pikel (D:6)
  An orange demon (D:10)
  12 cane toads
  10 komodo dragons
  An unseen horror (D:6)
  A troll (D:10)
  Prince Ribbit (D:9)
  5 dream sheep (Lair:4)
  18 blink frogs (Lair:3)
  Grinder (D:3)
  2 wraiths (D:10)
  A wyvern (D:9)
  34 yaks
  A steam dragon (D:9)
  4 vampire mosquitoes (D:11)
  Edmund (D:6)
  2 acid dragons
  Duvessa (D:7)
  7 water moccasins
  2 sky beasts
  5 orc warriors
  14 wolves
  An ice beast (D:6)
  2 centaurs
  An ogre (D:5)
  A lemure (D:6)
  2 phantoms (D:6)
  4 kobold brigands
  11 bullfrogs
  4 necrophages
  2 gnoll sergeants
  4 scorpions (Lair:4)
  12 wights
  Dowan (D:7)
  14 killer bees
  4 howler monkeys
  An electric eel (D:10)
  8 hounds
  3 jellies
  Crazy Yiuf (D:3)
  7 orc priests
  Natasha (thrice) (D:2)
  3 iguanas
  5 orc wizards
  7 hell rats (Lair:2)
  Robin (D:4)
  10 gnolls
  3 adders
  2 river rats (Sewer)
  2 ufetubi
  A worm (Lair:4)
  3 dart slugs
  20 orcs
  3 ball pythons
  5 giant cockroaches
  11 goblins
  9 hobgoblins
  3 jackals
  4 quokkas
  3 bats
  4 frilled lizards
  21 kobolds
  15 rats
350 creatures vanquished.

Vanquished Creatures (collateral kills)
  A boulder beetle (Lair:3)
1 creature vanquished.

Vanquished Creatures (others)
  An orc priest (D:9)
  22 fungi
  21 plants
44 creatures vanquished.

Grand Total: 395 creatures vanquished

Notes
Turn   | Place    | Note
-------+----------+-------------------------------------------
     0 | D:1      | tilp the Felid Ice Elementalist began the quest for the
                  | Orb.
     0 | D:1      | Reached XP level 1. HP: 7/7 MP: 4/4
   282 | D:1      | Found a faded altar of an unknown god.
   631 | D:1      | Reached XP level 2. HP: 10/12 MP: 0/6
  1527 | D:2      | Noticed Natasha
  1531 | D:2      | Reached skill level 1 in Fighting
  1531 | D:2      | Noticed a crimson imp
  1531 | D:2      | Noticed a crimson imp
  1545 | D:2      | Noticed a crimson imp
  1548 | D:2      | Killed Natasha
  1549 | D:2      | Reached XP level 3. HP: 12/15 MP: 1/7
  1553 | D:2      | Learned a level 3 spell: Frozen Ramparts
  1764 | D:2      | Noticed Natasha
  1767 | D:2      | Killed Natasha
  1768 | D:2      | Reached XP level 4. HP: 3/19 MP: 2/8
  2072 | D:2      | Found Ismatage's General Store.
  2120 | D:2      | Bought a potion of curing for 30 gold pieces
  2270 | D:2      | Noticed Natasha
  2338 | D:2      | Killed Natasha
  2637 | D:2      | Bought a scroll of identify for 20 gold pieces
  3079 | D:3      | Learned a level 3 spell: Ozocubu's Armour
  3354 | D:3      | Noticed Grinder
  3711 | D:3      | Found a runed translucent door.
  3712 | D:3      | Noticed Crazy Yiuf
  3896 | D:4      | Noticed a necrophage
  3942 | D:4      | Killed a necrophage
  3943 | D:4      | Reached skill level 5 in Ice Magic
  3943 | D:4      | Reached XP level 5. HP: 11/22 MP: 10/10
  4058 | D:4      | Found a shadowy altar of Dithmenos.
  4097 | D:4      | Noticed Robin
  4117 | D:4      | Killed Robin
  4326 | D:4      | Noticed Ijyb
  4340 | D:4      | Found a glowing drain.
  4352 | Sewer    | Entered a sewer
  4533 | Sewer    | Gained mutation: You are covered in thick fur. (AC +2)
                  | [Felid growth]
  4533 | Sewer    | Reached XP level 6. HP: 26/26 MP: 1/11
  4631 | Sewer    | Found a white marble altar of Elyvilon.
  4674 | D:4      | Noticed Ijyb
  4674 | D:4      | Ijyb changed into Ijyb the jelly
  4687 | D:4      | Killed Ijyb the jelly
  5352 | D:2      | Bought a scroll of summoning for 95 gold pieces
  5566 | D:5      | Entered Level 5 of the Dungeon
  5630 | D:5      | Reached skill level 1 in Unarmed Combat
  5630 | D:5      | Reached skill level 1 in Evocations
  5637 | D:5      | Learned a level 4 spell: Hailstorm
  5720 | D:5      | Reached XP level 7. HP: 30/31 MP: 4/12
  6521 | D:5      | Identified a scroll of acquirement
  6650 | D:6      | Noticed an unseen horror
  7081 | D:6      | Noticed Pikel
  7095 | D:6      | Killed Pikel
  7208 | D:6      | Reached skill level 5 in Stealth
  7208 | D:6      | Reached XP level 8. HP: 29/36 MP: 4/13
  7795 | D:6      | Reached skill level 1 in Conjurations
  7835 | D:6      | Found a glowing silver altar of Zin.
  8329 | D:7      | Identified the +6 long sword of Epat {protect, rF+ rC+
                  | Str+2}
  8396 | D:7      | Found a staircase to the Ecumenical Temple.
  8429 | Temple   | Entered the Ecumenical Temple
  8620 | Temple   | Became a worshipper of Vehumet
  8682 | D:7      | Noticed Dowan
  8877 | D:7      | Found Koloq's Jewellery Emporium.
  9080 | D:7      | Noticed Duvessa
  9261 | D:8      | Reached XP level 9. HP: 39/39 MP: 10/16
  9322 | D:8      | Noticed a two-headed ogre
  9752 | D:8      | Found Peakho Nada's Antique Armour Shop.
 10127 | D:8      | Found a snail-covered altar of Cheibriados.
 10133 | D:8      | Reached skill level 5 in Conjurations
 10432 | D:9      | Reached * piety under Vehumet
 10432 | D:9      | Offered knowledge of Shock by Vehumet.
 10721 | D:9      | HP: 1/39 [orc priest/+0 hand axe (2)]
 10728 | D:9      | Reached skill level 5 in Spellcasting
 10955 | D:9      | Found Jidoyvvo's Antique Armour Boutique.
 11128 | D:9      | Reached XP level 10. HP: 42/42 MP: 4/18
 11264 | D:9      | Found an iron altar of Okawaru.
 11366 | D:9      | Offered knowledge of Sandblast by Vehumet.
 11474 | D:9      | Reached ** piety under Vehumet
 11767 | D:9      | Noticed Prince Ribbit
 11781 | D:9      | Killed Prince Ribbit
 11994 | D:9      | Learned a level 4 spell: Iskenderun's Mystic Blast
 12000 | D:10     | Entered Level 10 of the Dungeon
 12085 | D:10     | Found a staircase to the Lair.
 12407 | D:10     | Reached skill level 5 in Fighting
 12522 | D:10     | Reached skill level 5 in Dodging
 12734 | D:10     | Noticed an orange demon
 12928 | D:10     | Reached skill level 5 in Evocations
 13378 | D:10     | Noticed Amaemon
 13406 | D:10     | Succumbed to Amaemon's poison
 13407 | D:10     | Reached XP level 9. HP: -1/41 MP: 4/17
 13413 | D:10     | Killed Amaemon
 13416 | D:10     | Killed an orange demon
 13417 | D:10     | Reached XP level 10. HP: 35/45 MP: 10/18
 13529 | D:11     | Noticed Gastronok
 13537 | D:11     | Noticed a boulder beetle
 13594 | D:11     | Offered knowledge of Conjure Flame by Vehumet.
 13611 | D:11     | Noticed Nergalle
 13824 | D:11     | Noticed a frost giant
 14295 | D:6      | Reached skill level 1 in Translocations
 14325 | D:6      | Noticed Edmund
 14482 | D:6      | Killed Edmund
 14695 | D:6      | Reached *** piety under Vehumet
 14851 | D:3      | Killed Grinder
 14901 | D:3      | Killed Crazy Yiuf
 15091 | D:7      | Killed Duvessa
 15094 | D:7      | Killed Dowan
 15166 | D:7      | Bought a ring of poison resistance for 280 gold pieces
 15245 | Lair:1   | Entered Level 1 of the Lair of Beasts
 15317 | Lair:1   | Noticed a cane toad
 15330 | Lair:1   | Killed a cane toad
 15690 | Lair:1   | Noticed a cane toad
 15702 | Lair:1   | Killed a cane toad
 15703 | Lair:1   | Reached XP level 11. HP: 39/49 MP: 10/20
 16036 | Lair:1   | Offered knowledge of Inner Flame by Vehumet.
 16631 | Lair:2   | Noticed Erica
 17374 | Lair:2   | Killed Erica
 17487 | Lair:2   | Reached **** piety under Vehumet
 17723 | Lair:2   | Learned a level 5 spell: Freezing Cloud
 17804 | Lair:3   | Noticed a six-headed hydra
 17811 | Lair:3   | Killed a six-headed hydra
 17812 | Lair:3   | Reached skill level 1 in Air Magic
 17867 | Lair:3   | Offered knowledge of Iskenderun's Battlesphere by Vehumet.
 17961 | Lair:3   | Gained mutation: Your thick and shaggy fur keeps you warm.
                  | (AC +3, rC+) [Felid growth]
 17961 | Lair:3   | Reached XP level 12. HP: 25/55 MP: 13/23
 18314 | Lair:3   | Noticed a boulder beetle
 18331 | Lair:3   | Killed a boulder beetle
 18986 | Lair:3   | Found a runed translucent gate.
 18986 | Lair:3   | Found a runed translucent gate.
 18986 | Lair:3   | Found a runed translucent gate.
 18987 | Lair:3   | Found a viscous altar of Jiyva.
 18987 | Lair:3   | Noticed Izit's ghost (journeyman DECj)
 19164 | Lair:4   | Reached skill level 10 in Conjurations
 19164 | Lair:4   | Reached skill level 10 in Ice Magic
 19197 | Lair:4   | Reached ***** piety under Vehumet
 19238 | Lair:4   | Noticed Snorg
 19243 | Lair:4   | Found a hole to the Spider Nest.
 19245 | Lair:4   | Noticed a boulder beetle
 19312 | Lair:4   | Found a staircase to the Swamp.
 19421 | Lair:4   | Noticed a death yak
 19462 | Lair:4   | Noticed a death yak
 19482 | Lair:4   | Noticed a death yak
 19492 | Lair:4   | Offered knowledge of Orb of Destruction by Vehumet.
 19661 | Lair:4   | Identified the amulet of Day {Faith +Inv rPois}
 20286 | Lair:4   | Noticed a death yak
 20324 | Lair:4   | Killed a death yak
 20799 | Lair:4   | Slain by a boulder beetle
 20800 | Lair:4   | Reached XP level 11. HP: -3/52 MP: 6/22
 20852 | Lair:4   | Slain by a boulder beetle
 20853 | Lair:4   | Reached XP level 10. HP: -3/49 MP: 3/21
 20853 | Lair:4   | Quit the game

Illustrated notes

Levels and vault maps discovered:
D:1:      minmay_arrival_diagonal_passages, layout_basic,
          dilly_ecumenical_altar_fadedgnrine, minmay_close_crescents
D:2:      layout_rooms, serial_shops, nicolae_square_shop, uniq_natasha
D:3:      layout_rooms, kennysheep_generic_room_5, uniq_grinder,
          uniq_crazy_yiuf_cottage
D:4:      layout_basic, nicolae_dithmenos_shadow_blocks,
          cheibrodos_sewer_entry_drain, uniq_robin, uniq_ijyb
D:5:      layout_basic
D:6:      layout_basic, lemuel_tele_altar, uniq_edmund, uniq_pikel
D:7:      layout_basic, minmay_temple_entry_trees, serial_shops,
          kennysheep_mini, nrook_mini_backslash, minmay_misc_feat_chi,
          nicolae_water_bricks, uniq_duvessa
D:8:      layout_basic, mainiacjoe_overflow_small_starburst, serial_shops, shop,
          kennysheep_generic_room_6
D:9:      layout_big_octagon, mainiacjoe_overflow_cross_hatched, serial_shops,
          nicolae_shop_hallway_stairs, minmay_orc_keep, uniq_prince_ribbit1
D:10:     layout_long_grid, erik_lair_island, uniq_amaemon
D:11:     layout_basic, kennysheep_island_fort, uniq_grum, uniq_nergalle,
          uniq_gastronok
Temple:   mainiacjoe_temple_coin_purse
Lair:1:   layout_hall_layers
Lair:2:   layout_hall_layers, beast_lair_carwin_2, uniq_erica
Lair:3:   layout_concentric_octagons, gammafunk_ghost_ooze, grunt_megastairs_2
Lair:4:   layout_regular_city, swamp_mist, nicolae_spider_entry_non_spiders,
          grunt_megastairs_1, uniq_snorg

Skill      XL: |  1  2  3  4  5  6  7  8  9 10 11 12 |
---------------+-------------------------------------+-----
Ice Magic      | 4 5 6 8 9 10 | 10.0
Fighting       | 1 2 3 4 6 5 7 8 |  8.4
Spellcasting   | 3 4 5 6 7 |  7.0
Dodging        | 3 4 6 7 |  7.0
Stealth        | 3 5 6 8 9 |  9.0
Unarmed Combat | 1 2 4 3 |  4.9
Evocations     | 1 4 6 8 |  8.0
Conjurations   | 4 7 8 9 10 | 10.0
Translocations | 3 4 |  4.0
Air Magic      | 1 4 |  4.0

Action                   |  1- 3 |  4- 6 |  7- 9 | 10-12 || total
-------------------------+-------+-------+-------+-------++-------
Melee: Unarmed           |    10 |    75 |    38 |    82 ||   205
       Bite              |     1 |    10 |     4 |    11 ||    26
       Punch             |       |       |     1 |     3 ||     4
 Cast: Freeze            |    34 |    37 |    75 |    64 ||   210
       Frozen Ramparts   |     1 |    16 |    31 |    67 ||   115
       Ozocubu's Armour  |       |     9 |    29 |    52 ||    90
       Hailstorm         |       |       |     9 |   174 ||   183
       Iskenderun's Myst |       |       |       |    44 ||    44
       Freezing Cloud    |       |       |       |    19 ||    19
Evoke: Wand              |       |     2 |     1 |     6 ||     9
       Phantom mirror    |       |       |       |     1 ||     1
  Use: Scroll            |     3 |     9 |     5 |     6 ||    23
       Potion            |       |     2 |     3 |       ||     5
 Stab: Sleeping          |     5 |     3 |     7 |     7 ||    22
Armor: Skin              |     1 |    21 |    28 |    34 ||    84
Dodge: Dodged            |    24 |   126 |   131 |   229 ||   510

Table legend: (Time is in decaauts)
 A = Elapsed time spent in this place.
 B = Non-inter-level travel time spent in this place.
 C = Inter-level travel time spent in this place.
 D = Time resting spent in this place.
 E = Time spent auto-exploring this place.
 F = Levels seen in this place.
 G = Mean time per level.
                   A        B        C        D        E       F      G
               +--------+--------+--------+--------+--------+-----+--------+
         Total |  18688 |  17532 |   1156 |   4431 |  10065 |  17 | 1099.3 |
       Dungeon |  13154 |  12111 |   1043 |   3463 |   6565 |  11 | 1195.8 |
        Temple |    177 |    160 |     17 |      0 |    148 |   1 |  177.0 |
          Lair |   5036 |   4941 |     95 |    822 |   3240 |   4 | 1259.0 |
         Sewer |    319 |    319 |      0 |    146 |    111 |   1 |  319.0 |
               +--------+--------+--------+--------+--------+-----+--------+

Top non-repeatable levels by time:
    D:10: 1797 daAuts
     D:6: 1479 daAuts
  Lair:3: 1423 daAuts
  Lair:4: 1398 daAuts
     D:8: 1369 daAuts
     D:5: 1357 daAuts
     D:2: 1344 daAuts
     D:3: 1229 daAuts
  Lair:1: 1229 daAuts
     D:1: 1220 daAuts
     D:9: 1197 daAuts
     D:4: 1051 daAuts
  Lair:2: 985 daAuts
     D:7: 981 daAuts
   Sewer: 319 daAuts
